 Dungeon Crawl Stone Soup version 0.31-a0-165-g3f4f80340b (webtiles) character file.

Game seed: 14642316603354200573

4290 qw the Blocker (level 10, -10/59 HPs)
             Began as a Gargoyle Fighter on June 13, 2023.
             Was an Initiate of Okawaru.
             Mangled by a death yak (15 damage)
             ... on level 8 of the Dungeon.
             The game lasted 00:03:30 (5406 turns).

qw the Blocker (Gargoyle Fighter)                   Turns: 5406, Time: 00:03:30

Health: -10/59     AC:  0    Str: 28    XL:     10   Next: 32%
Magic:  10/10      EV: 19    Int:  8    God:    Okawaru [......]
Gold:   353        SH:  0    Dex: 13    Spells: 9/9 levels left

rFire   . . .        Y - melded +2 war axe (freeze)
rCold   . . .        r - melded +8 tower shield of Melancholy {Str+2 Dex+3}
rNeg    + . .        j - melded +3 plate armour
rPois   inf          (helmet currently unavailable)
rElec   .            (cloak currently unavailable)
rCorr   .            (gloves currently unavailable)
SInv    .            x - melded +0 pair of boots {Stlth+}
Will    .....        e - amulet of regeneration
Stlth   +            a - melded +6 ring of dexterity
HPRegen 1.09/turn    z - melded ring of willpower
MPRegen 0.12/turn

%: no passive effects
@: about to teleport, bat-form (expiring), flying, very quick
A: fast, flying, no casting, sickness immunity, AC +7, tiny, negative energy
resistance 1, (electricity resistance), torment resistance 1, petrification
resistance, (antennae 1), (talons 1), strong 1, MP-powered wands
a: Renounce Religion


You were on level 8 of the Dungeon.
You worshipped Okawaru.
Okawaru was noncommittal.
You were a bat.
You visited 2 branches of the dungeon, and saw 9 of its levels.
You also visited: Ossuary.

You collected 425 gold pieces.
You spent 72 gold pieces at shops.


Innate Abilities, Weirdness & Mutations

You are a bat.
You are tiny and dextrous.
You move quickly.
You are flying.
Your equipment is almost entirely melded.
You are incapable of wielding weapons or throwing items.
You cannot cast spells.
You are immune to sickness and miasma.
((Your stone body is resilient. (AC +7)))
You are immune to poison.
You resist negative energy. (rN+)
((You are resistant to electric shocks. (rElec)))
You are resistant to unholy torment.
You are immune to petrification.
((You have a pair of small antennae on your head.))
((You have sharp toenails.))
Your muscles are strong. (Str +4, Int/Dex -1)
You expend magic power (3 MP) to strengthen your wands.


   Skills:
 + Level 5.4 Fighting
 - Level 8.5 Axes
 - Level 2.7 Throwing
 - Level 4.6 Armour
 - Level 2.0 Dodging
 - Level 11.0 Shields


You had 9 spell levels left.
You didn't know any spells.
Your spell library was empty.

Inventory:

Hand Weapons
 g - a +0 eveningstar
 Y - a +2 war axe of freezing (melded)
Missiles
 p - 4 boomerangs (quivered)
Armour
 b - the +2 pair of boots of Immorality {Harm rElec Regen+ Str-3}
   (You acquired it on level 1 of the Dungeon)

   Str:       It affects your strength (-3).
   rElec:     It insulates you from electricity.
   Regen:     It increases your rate of health regeneration.
   Harm:      It increases damage dealt and taken.
 j - a +3 plate armour (melded)
 r - the +8 tower shield of Melancholy (melded) {Str+2 Dex+3}
   (You found it on level 5 of the Dungeon)

   Str:       It affects your strength (+2).
   Dex:       It affects your dexterity (+3).
 x - a +0 pair of boots of stealth (melded)
Jewellery
 a - a +6 ring of dexterity (melded)
 e - an amulet of regeneration (around neck)
 z - a ring of willpower (melded)
Wands
 i - a wand of digging (2)
Scrolls
 c - 2 scrolls of teleportation
 o - 4 scrolls of identify
Potions
 d - 2 potions of might
 h - 2 potions of lignification
 k - 2 potions of magic
 l - 2 potions of haste
 n - 2 potions of attraction
 s - a potion of curing
 t - 2 potions of mutation
 u - a potion of resistance

Dungeon Overview and Level Annotations

Branches:
Dungeon (8/15)             Temple (1/1) D:7         Ossuary (visited)
   Lair: D:8-11

Altars:
Ashenzari
Elyvilon
Gozag
Hepliaklqana
Kikubaaqudgha
Makhleb
Nemelex Xobeh
Okawaru
Qazlal
Ru
Sif Muna
Trog
Vehumet
Xom
Yredelemnul
Zin
The Shining One

Shops:
D:7 ?

Annotations:
D:8 Maurice


Message History

The orc priest is heavily wounded.
You hit the orc priest but do no damage.
The orc priest is heavily wounded.
The orc priest misses you.
The death yak bellows! x2
You hit the orc priest but do no damage.
The orc priest is heavily wounded.
You hear a bellow!
You hear a shout!
The orc priest hits you with a +0 flail!
The orc wizard shouts!
You hit the orc priest.
The orc priest is severely wounded.
The orc warrior shouts!
You hit the death yak but do no damage.
The orc priest calls down the wrath of Beogh upon you.
Beogh smites you!
You hit the death yak but do no damage. You hit the death yak but do no damage.
The death yak closely misses you.
You hit the death yak but do no damage. The death yak misses you.
You hit the death yak.
The death yak is lightly wounded.
The orc priest calls down the wrath of Beogh upon you.
Beogh smites you!
The death yak snorts and paws the ground.
The death yak barely misses you.
You hit the death yak but do no damage.
The death yak is lightly wounded.
The death yak snorts and paws the ground.
The death yak gores you!!
You hit the death yak but do no damage.
The death yak is lightly wounded.
The death yak gores you!
5406 ||| READING 3 scrolls of teleportation.
As you read the scroll of teleportation, it crumbles to dust.
You feel strangely unstable.
Your transformation is almost over.
The death yak gores you!
You die...

... # ... #
... . .. .
#.# . oo###
..# #.# #
o.... ....
#.# #{.#...
...oo #.#
#{o....
...YoY###.#
#Yo..#.


..ooYYYYb.# YYo.... .#...Y##### Yoo.... ..... #o..... .... #...... ... #......
.# # ###.# # .. You could see 7 death yaks, an orc wizard and 3 orcs.

Vanquished Creatures
  Pikel (D:5)
  A hornet (D:7)
  Prince Ribbit (D:5)
  Sigmund (D:3)
  A shadow (D:7)
  A steam dragon (D:6)
  Grum (D:8)
  Duvessa (D:4)
  2 orc warriors
  A sky beast (D:6)
  A black bear (D:7)
  3 wolves (D:8)
  3 ogres
  A lemure (D:5)
  A phantom (D:7)
  Blork the orc (D:6)
  A kobold brigand (D:5)
  2 bullfrogs (D:6)
  2 scorpions
  4 wights
  Dowan (D:4)
  3 killer bees (D:8)
  3 centaur zombies (Ossuary)
  5 hounds
  5 jellies
  A gnoll bouda (D:7)
  An orc priest (D:5)
  2 sleepcaps
  4 iguanas
  Ijyb (D:3)
  4 orc wizards
  5 mummies (Ossuary)
  7 gnolls
  8 adders
  A shadow imp (D:8)
  A white imp (D:6)
  An ufetubus (D:7)
  A worm (D:2)
  3 dart slugs
  20 orcs
  3 bats (D:1)
  4 endoplasms
  6 giant cockroaches
  6 goblins
  5 hobgoblins
  9 kobolds
  5 quokkas
  6 ball pythons
  4 frilled lizards
  4 hobgoblin zombies (Ossuary)
  2 rats (D:3)
161 creatures vanquished.

Notes
Turn   | Place    | Note
-------+----------+-------------------------------------------
     0 | D:1      | qw the Gargoyle Fighter began the quest for the Orb.
     0 | D:1      | Reached XP level 1. HP: 14/14 MP: 1/1
     0 | D:1      | 0 ||| qw: Version: 0.2-a-29-gc1b59c4
     0 | D:1      | 0 ||| qw: Game counter: 4795
     0 | D:1      | 0 ||| qw: Always use a shield: true
     0 | D:1      | 0 ||| qw: God list: Okawaru
     0 | D:1      | 0 ||| qw: Allow faded altars: false
     0 | D:1      | 0 ||| qw: Do Orc after D:15 true
     0 | D:1      | 0 ||| qw: Do second Lair branch before Depths: true
     0 | D:1      | 0 ||| qw: Lair rune preference: random
     0 | D:1      | 0 ||| qw: Plans: Normal, Zot:1-4, Slime:5, God:TSO, Crypt,
                  | Tomb, Abyss, Pan, Hells, Win
     0 | D:1      | 0 ||| PLANNING D:1-11
   121 | D:1      | 121 ||| Stepping ~*~*~tactically~*~*~ (stealth).
   139 | D:1      | Reached XP level 2. HP: 19/19 MP: 2/2
   226 | D:1      | 226 ||| DROPPING +0 club.
   262 | D:1      | 262 ||| UPGRADING to amulet of regeneration.
   272 | D:1      | 272 ||| READING scroll labelled ESUCYU LEICZUA.
   273 | D:1      | 273 ||| READING scroll labelled VUNAJITRUL.
   386 | D:1      | 386 ||| Stepping ~*~*~tactically~*~*~ (hiding).
   387 | D:1      | 387 ||| Stepping ~*~*~tactically~*~*~ (hiding).
   507 | D:1      | Reached skill level 3 in Axes
   538 | D:1      | Reached XP level 3. HP: 23/23 MP: 3/3
   786 | D:1      | 786 ||| UPGRADING to +0 plate armour.
   796 | D:1      | 796 ||| DROPPING +0 scale mail.
   797 | D:1      | 797 ||| UPGRADING to +6 ring of dexterity.
   798 | D:1      | 798 ||| READING scroll labelled SUMYEGUOKONK.
   798 | D:1      | Identified a scroll of acquirement
   798 | D:1      | 798 ||| ACQUIRING +2 pair of boots of Immorality {Harm
                  | rElec Regen+ Str-3}
   798 | D:1      | Acquired the +2 pair of boots of Immorality {Harm rElec
                  | Regen+ Str-3}
  1134 | D:2      | 1134 ||| READING scroll labelled TYSEFR ATUE.
  1135 | D:2      | 1135 ||| READING scroll labelled PUXUAD AFADYCH.
  1136 | D:2      | 1136 ||| READING scroll labelled FIVUNEEZAR.
  1137 | D:2      | 1137 ||| READING scroll labelled YHUSAKHL VUDA.
  1138 | D:2      | 1138 ||| DRINKING 2 bubbling green potions.
  1139 | D:2      | 1139 ||| READING 3 scrolls of identify.
  1139 | D:2      | 1139 ||| IDENTIFYING bubbling orange potion
  1140 | D:2      | 1140 ||| READING 2 scrolls of identify.
  1140 | D:2      | 1140 ||| IDENTIFYING viscous dark potion
  1141 | D:2      | 1141 ||| DROPPING potion of brilliance.
  1163 | D:3      | 1163 ||| Stepping ~*~*~tactically~*~*~ (hiding).
  1165 | D:3      | 1165 ||| Stepping ~*~*~tactically~*~*~ (hiding).
  1222 | D:3      | 1222 ||| DROPPING +0 whip.
  1256 | D:3      | Noticed Sigmund
  1276 | D:3      | 1276 ||| DRINKING potion of curing.
  1276 | D:3      | 1276 ||| (to cure confusion)
  1282 | D:3      | Killed Sigmund
  1283 | D:3      | Reached XP level 4. HP: 26/28 MP: 4/4
  1283 | D:3      | Reached XP level 5. HP: 30/32 MP: 5/5
  1324 | D:3      | Reached XP level 6. HP: 37/37 MP: 6/6
  1487 | D:3      | Reached skill level 1 in Dodging
  1504 | D:3      | 1504 ||| READING 3 scrolls of enchant armour.
  1504 | D:3      | 1504 ||| ENCHANTING +0 plate armour.
  1505 | D:3      | 1505 ||| READING 2 scrolls of enchant armour.
  1505 | D:3      | 1505 ||| ENCHANTING +1 plate armour.
  1506 | D:3      | 1506 ||| READING scroll of enchant armour.
  1506 | D:3      | 1506 ||| ENCHANTING +2 plate armour.
  1627 | D:3      | Noticed Ijyb
  1639 | D:3      | Killed Ijyb
  1652 | D:3      | 1652 ||| UPGRADING to +0 helmet.
  1657 | D:3      | 1657 ||| READING 2 scrolls labelled HADWIRPHENIZ.
  1658 | D:3      | 1658 ||| READING scroll of enchant weapon.
  1658 | D:3      | 1658 ||| ENCHANTING +1 war axe.
  1659 | D:3      | 1659 ||| READING 2 scrolls of identify.
  1659 | D:3      | 1659 ||| IDENTIFYING fizzy purple potion
  1934 | D:4      | Noticed Duvessa
  1935 | D:4      | Noticed Dowan
  1944 | D:4      | Killed Duvessa
  1945 | D:4      | Reached skill level 6 in Axes
  1955 | D:4      | Killed Dowan
  1956 | D:4      | Reached XP level 7. HP: 18/43 MP: 7/7
  2075 | D:4      | 2075 ||| Stepping ~*~*~tactically~*~*~ (stealth).
  2382 | D:4      | 2382 ||| READING scroll labelled YVABEK GUITUIST.
  2383 | D:4      | 2383 ||| DRINKING 2 golden potions.
  2384 | D:4      | 2384 ||| READING 3 scrolls of identify.
  2384 | D:4      | 2384 ||| IDENTIFYING sapphire potion
  2385 | D:4      | 2385 ||| READING 2 scrolls of identify.
  2385 | D:4      | 2385 ||| IDENTIFYING gluggy clear potion
  2386 | D:4      | 2386 ||| DROPPING potion of degeneration.
  2420 | D:5      | Entered Level 5 of the Dungeon
  2457 | D:5      | 2457 ||| READING scroll of enchant armour.
  2457 | D:5      | 2457 ||| ENCHANTING +0 helmet.
  2559 | D:5      | Noticed Pikel
  2575 | D:5      | Killed Pikel
  2576 | D:5      | Reached XP level 8. HP: 27/48 MP: 8/8
  2616 | D:5      | Identified the +8 tower shield of Melancholy {Str+2 Dex+3}
  2624 | D:5      | 2624 ||| Stepping ~*~*~tactically~*~*~ (hiding).
  2677 | D:5      | 2677 ||| DROPPING +0 mace.
  2754 | D:5      | 2754 ||| SWAPPING to +1 war axe of freezing.
  2767 | D:5      | Identified the +9 falchion of Massacring {freeze, rF+ Str+3
                  | Dex+3}
  2895 | D:5      | Noticed Prince Ribbit
  2904 | D:5      | Killed Prince Ribbit
  3031 | D:5      | 3031 ||| UPGRADING to +8 tower shield of Melancholy {Str+2
                  | Dex+3}.
  3041 | D:5      | 3041 ||| DROPPING +0 buckler.
  3042 | D:5      | 3042 ||| UPGRADING to +0 pair of boots of stealth.
  3047 | D:5      | 3047 ||| UPGRADING to ring of willpower.
  3048 | D:5      | 3048 ||| READING scroll labelled YDOMAA HOEGH.
  3049 | D:5      | 3049 ||| READING scroll labelled CIUBEU DIFEK.
  3050 | D:5      | 3050 ||| READING scroll labelled OCONO AGOS.
  3053 | D:5      | 3053 ||| READING 2 scrolls of identify.
  3053 | D:5      | 3053 ||| IDENTIFYING white potion
  3067 | D:6      | 3067 ||| PLANNING OSSUARY
  3079 | D:6      | 3079 ||| READING scroll of enchant weapon.
  3079 | D:6      | 3079 ||| ENCHANTING +1 war axe of freezing.
  3080 | D:6      | 3080 ||| DROPPING +2 war axe.
  3131 | D:6      | Reached skill level 4 in Shields
  3175 | D:6      | Reached XP level 9. HP: 54/54 MP: 9/9
  3241 | D:6      | Reached skill level 5 in Shields
  3251 | D:6      | 3251 ||| DROPPING +0 flail.
  3393 | D:6      | Noticed Blork the orc
  3401 | D:6      | Killed Blork the orc
  3402 | D:6      | Reached skill level 6 in Shields
  3408 | D:6      | Found a sand-covered staircase.
  3416 | Ossuary  | Entered an ossuary
  3463 | Ossuary  | 3463 ||| FLEEEEING.
  3524 | Ossuary  | 3524 ||| READING scroll of enchant armour.
  3524 | Ossuary  | 3524 ||| ENCHANTING +1 helmet.
  3525 | Ossuary  | 3525 ||| DRINKING 3 metallic red potions.
  3525 | Ossuary  | Gained mutation: You expend magic power (3 MP) to
                  | strengthen your wands. [potion of mutation]
  3525 | Ossuary  | Gained mutation: You have a pair of small antennae on your
                  | head. [potion of mutation]
  3525 | Ossuary  | Gained mutation: You have sharp toenails. [potion of
                  | mutation]
  3525 | Ossuary  | Gained mutation: Your muscles are strong. (Str +4, Int/Dex
                  | -1) [potion of mutation]
  3526 | Ossuary  | 3526 ||| DROPPING +2 helmet.
  3535 | D:6      | 3535 ||| PLANNING D:1-11
  3643 | D:6      | Reached skill level 7 in Shields
  3673 | D:6      | 3673 ||| Stepping ~*~*~tactically~*~*~ (stealth).
  3681 | D:6      | 3681 ||| Stepping ~*~*~tactically~*~*~ (hiding).
  3690 | D:6      | Reached skill level 8 in Shields
  3807 | D:6      | 3807 ||| DRINKING 2 fizzy inky potions.
  3808 | D:6      | 3808 ||| DROPPING potion of enlightenment.
  4024 | D:7      | Noticed a hornet
  4035 | D:7      | Killed a hornet
  4036 | D:7      | Reached skill level 9 in Shields
  4047 | D:7      | 4047 ||| Stepping ~*~*~tactically~*~*~ (stealth).
  4048 | D:7      | Found a staircase to the Ecumenical Temple.
  4049 | D:7      | 4049 ||| PLANNING TEMPLE
  4049 | D:7      | 4049 ||| Stepping ~*~*~tactically~*~*~ (hiding).
  4050 | D:7      | 4050 ||| Stepping ~*~*~tactically~*~*~ (hiding).
  4151 | D:7      | 4151 ||| Stepping ~*~*~tactically~*~*~ (stealth).
  4152 | D:7      | 4152 ||| Stepping ~*~*~tactically~*~*~ (stealth).
  4164 | D:7      | 4164 ||| READING scroll labelled DIGEMU AREECIF.
  4170 | Temple   | Entered the Ecumenical Temple
  4216 | Temple   | 4216 ||| PLANNING OKAWARU WORSHIP
  4348 | Temple   | Became a worshipper of Warmaster Okawaru
  4348 | Temple   | 4348 ||| PLANNING D:1-11
  4415 | D:7      | 4415 ||| Stepping ~*~*~tactically~*~*~ (hiding).
  4429 | D:7      | Reached XP level 10. HP: 36/59 MP: 10/10
  4440 | D:7      | Reached skill level 10 in Shields
  4522 | D:7      | 4522 ||| Stepping ~*~*~tactically~*~*~ (stealth).
  4523 | D:7      | 4523 ||| Stepping ~*~*~tactically~*~*~ (stealth).
  4542 | D:7      | 4542 ||| Stepping ~*~*~tactically~*~*~ (hiding).
  5051 | D:7      | Found Qonkaov's Magic Scroll Boutique.
  5061 | D:7      | 5061 ||| BUYING scroll of identify (24 gold).
  5061 | D:7      | Bought a scroll of identify for 24 gold pieces
  5061 | D:7      | 5061 ||| BUYING scroll of identify (24 gold).
  5061 | D:7      | Bought a scroll of identify for 24 gold pieces
  5061 | D:7      | 5061 ||| BUYING scroll of identify (24 gold).
  5061 | D:7      | Bought a scroll of identify for 24 gold pieces
  5154 | D:7      | 5154 ||| READING 5 scrolls of identify.
  5154 | D:7      | 5154 ||| IDENTIFYING bubbling dark potion
  5155 | D:7      | 5155 ||| DROPPING potion of berserk rage.
  5192 | D:8      | Noticed Grum
  5193 | D:8      | 5193 ||| Stepping ~*~*~tactically~*~*~ (stealth).
  5232 | D:8      | Killed Grum
  5253 | D:8      | 5253 ||| DROPPING +0 morningstar.
  5265 | D:8      | Reached skill level 11 in Shields
  5301 | D:8      | Noticed a death yak
  5301 | D:8      | Noticed Maurice
  5302 | D:8      | Noticed a death yak
  5304 | D:8      | Noticed a death yak
  5304 | D:8      | Noticed a death yak
  5305 | D:8      | Noticed a death yak
  5306 | D:8      | Reached * piety under Okawaru
  5306 | D:8      | Noticed a death yak
  5307 | D:8      | 5307 ||| INVOKING Heroism.
  5308 | D:8      | Noticed a death yak
  5323 | D:8      | HP: 3/59 [death yak (20)]
  5324 | D:8      | 5324 ||| READING 4 scrolls of teleportation.
  5325 | D:8      | 5325 ||| DRINKING 2 potions of heal wounds.
  5363 | D:8      | 5363 ||| Stepping ~*~*~tactically~*~*~ (stealth).
  5364 | D:8      | 5364 ||| Stepping ~*~*~tactically~*~*~ (stealth).
  5366 | D:8      | 5366 ||| Stepping ~*~*~tactically~*~*~ (hiding).
  5367 | D:8      | 5367 ||| Stepping ~*~*~tactically~*~*~ (hiding).
  5405 | D:8      | HP: 4/59 [death yak (16)]
  5406 | D:8      | 5406 ||| READING 3 scrolls of teleportation.
  5406 | D:8      | Mangled by a death yak

Levels and vault maps discovered:
D:1:      minmay_arrival_shoal_huts, layout_loops_ring,
          nicolae_concentric_dashed_squares_mild, minmay_tetromino_o4
D:2:      layout_rooms
D:3:      layout_rooms, uniq_sigmund, uniq_ijyb
D:4:      layout_gridville, uniq_duvessa
D:5:      layout_basic, uniq_pikel, uniq_prince_ribbit1
D:6:      layout_rooms, nicolae_ossuary_entry_ruins, minmay_joined_circles,
          uniq_blork_the_orc
D:7:      layout_layer_cave, minmay_temple_entry_sparse_star, serial_shops,
          nicolae_lakefront_shop, hangedman_decor_clover_reticule
D:8:      layout_loops_ring, dpeg_lair_monsters, hangedman_decor_slide_cut,
          minivault_1, uniq_joseph, uniq_maurice, uniq_erica, uniq_grum
Temple:   minmay_crystal_spiral_temple

Skill      XL: |  1  2  3  4  5  6  7  8  9 10 |
---------------+-------------------------------+-----
Axes           | 2 3 5 6 8 |  8.5
Dodging        | 1 2 |  2.0
Fighting       | 4 5 |  5.4
Armour         | 4 |  4.6
Throwing       | 2 |  2.7
Shields        | 4 9 11 | 11.0

Action                     |  1- 3 |  4- 6 |  7- 9 | 10-12 || total
---------------------------+-------+-------+-------+-------++-------
  Melee: War axe           |   115 |    78 |   225 |    97 ||   515
         Unarmed           |       |       |       |    22 ||    22
  Throw: Boomerang         |       |     4 |    90 |    22 ||   116
 Invoke: Heroism           |       |       |       |     1 ||     1
    Use: Scroll            |     9 |     6 |    11 |     3 ||    29
         Potion            |     2 |       |     3 |     1 ||     6
 Armour: Scale mail        |    34 |       |       |       ||    34
         Plate armour      |    21 |    46 |   126 |    36 ||   229
  Dodge: Dodged            |    37 |    17 |    50 |    26 ||   130
  Block: Buckler           |    19 |    11 |    28 |       ||    58
         Tower shield      |       |       |   130 |   130 ||   260

Table legend:
 A = Non-vault XP
 B = Vault XP
 C = Vault XP percentage of total XP
 D = Non-vault monster count
 E = Vault monster count
 F = Vault count percentage of total count
                 A         B        C        D         E       F
            +---------+---------+-------+---------+---------+-------
      Total |    3043 |    3086 |  50.4 |     120 |      40 |  25.0
            +---------+---------+-------+---------+---------+-------
        D:1 |      36 |       8 |  18.2 |      20 |       3 |  13.0
        D:2 |      12 |       0 |   0.0 |       5 |       0 |   0.0
        D:3 |      48 |     274 |  85.1 |      19 |       2 |   9.5
        D:4 |      71 |     209 |  74.6 |       9 |       2 |  18.2
        D:5 |     636 |     937 |  59.6 |      30 |       2 |   6.2
        D:6 |     505 |     898 |  64.0 |       8 |      15 |  65.2
        D:7 |    1493 |       0 |   0.0 |      22 |       0 |   0.0
        D:8 |     242 |     531 |  68.7 |       7 |       4 |  36.4
    Ossuary |       0 |     229 | 100.0 |       0 |      12 | 100.0
            +---------+---------+-------+---------+---------+-------
